 Dungeon Crawl Stone Soup version 0.28-a0-1616-g050a50673c (webtiles) character file.

Game seed: 9590932788234863463

102 Hasart the Shield-Bearer (level 4, -8/38 HPs)
             Began as a Demigod Fighter on Jan 23, 2022.
             Killed from afar by a white imp (12 damage)
             ... with a puff of frost
             ... summoned by Natasha
             ... on level 2 of the Dungeon.
             The game lasted 00:01:54 (1523 turns).

Hasart the Shield-Bearer (Demigod Fighter)          Turns: 1523, Time: 00:01:54

Health: -8/38      AC:  6    Str: 17    XL:     4   Next: 25%
Magic:  6/6        EV:  9    Int: 10    God:
Gold:   53         SH:  5    Dex: 17    Spells: 3/3 levels left

rFire   . . .      SeeInvis .   a - +0 long sword
rCold   . . .      Faith    .   c - +0 buckler
rNeg    . . .      Spirit   .   b - +0 scale mail
rPois   .          Reflect  .   (no helmet)
rElec   .          Harm     .   (no cloak)
rCorr   .          Rampage  .   (no gloves)
Will    .....                   (no boots)
Stlth   ..........              (no amulet)
HPRegen 0.12/turn               (no ring)
MPRegen 0.10/turn               (no ring)

@: no status effects
A: high mp 1, forlorn, divine attributes
a: no special abilities


You were on level 2 of the Dungeon.
You visited 1 branch of the dungeon, and saw 2 of its levels.

You collected 53 gold pieces.

Inventory:

Hand Weapons
 a - a +0 long sword (weapon)
Armour
 b - a +0 scale mail (worn)
 c - a +0 buckler (worn)
Scrolls
 g - a scroll of fog {unknown}
 h - a scroll of blinking {unknown}
 i - a scroll of identify {unknown}
Potions
 d - a potion of might
 e - a potion of heal wounds {unknown}
 f - a potion of degeneration {unknown}
 j - 2 potions of berserk rage {unknown}


   Skills:
 + Level 3.2 Fighting
 + Level 2.5 Long Blades
 + Level 3.2 Armour
 + Level 1.2 Dodging
 + Level 3.2 Shields


You had 3 spell levels left.
You didn't know any spells.
Your spell library contained the following spells:

 Spells                   Type           Power      Damage    Failure   Level
 Corpse Rot               Necr/Air       0%         N/A       94%         2
 Poisonous Vapours        Pois/Air       0%         N/A       94%         2


Dungeon Overview and Level Annotations

Branches:
Dungeon (2/15)

Annotations:
D:2 Natasha


Innate Abilities, Weirdness & Mutations

You have an increased reservoir of magic. (+10% MP)
You shall have no god before yourself.
Your divine heritage dramatically boosts your attributes as you level up.


Message History

Natasha is nearby!
Natasha drinks a potion.
Natasha suddenly seems more resistant.
Natasha mumbles some strange words.
You closely miss Natasha. Natasha barely misses you.
Natasha casts a spell.
You barely miss Natasha. The crimson imp barely misses you. Natasha claws you.
You hit Natasha.
Natasha is lightly wounded.
The crimson imp hits you but does no damage.
Natasha claws you.
You hit Natasha.
Natasha is heavily wounded.
You block the crimson imp's attack. You block Natasha's attack.
The crimson imp hits you but does no damage.
You hit Natasha but do no damage.
Natasha is heavily wounded.
Natasha claws you! You block the crimson imp's attack.
Natasha claws you but does no damage.
You slash Natasha!
Natasha is almost dead.
You block the crimson imp's attack. Natasha claws you but does no damage.
You miss Natasha.
Natasha is almost dead.
The crimson imp blinks!
Natasha casts a spell at you. The magic dart hits you.
You barely miss Natasha.
Natasha is almost dead.
The white imp gestures at you. The puff of frost hits you! Natasha claws you.
* * * LOW HITPOINT WARNING * * *
You block the crimson imp's attack. The white imp barely misses you.
Natasha claws you.
* * * LOW HITPOINT WARNING * * *
You barely miss Natasha.
Natasha is almost dead.
You block the crimson imp's attack. Natasha closely misses you.
The white imp gestures at you. The puff of frost hits you!
You die...

.## ...# ######...# #S ... ##..#
#...# #. ... ...# #...# #.
#.##..# #...# ## #.....# #...#
#. #.#...########...####### #÷
..##.#...##...............## #.
...............55..........####.
..###...###....@h(............#.
#...# #####.#....##.##.##.#.
#...# #.#....##.##.##.÷. ##.##
#.#....##.##...... #.#
#.#...........#.#.
#.########.#.....#.###.#.#.
######.......##.(.....).......##
#....<.#####.########.##.##.#.##
#.####.# #..>....#...


You could see Natasha (resistant), a crimson imp (summoned) and a white imp
(summoned).

Vanquished Creatures
  Natasha (D:2)
  A gnoll (D:1)
  3 adders (D:2)
  3 endoplasms (D:1)
  3 giant cockroaches
  8 goblins
  5 hobgoblins
  3 kobolds (D:1)
  2 quokkas (D:1)
  4 ball pythons
  A bat (D:1)
  4 frilled lizards (D:1)
  A rat (D:1)
39 creatures vanquished.

Vanquished Creatures (others)
  7 plants (D:1)
  4 toadstools (D:1)
11 creatures vanquished.

Grand Total: 50 creatures vanquished

Notes
Turn   | Place    | Note
-------+----------+-------------------------------------------
     0 | D:1      | Hasart the Demigod Fighter began the quest for the Orb.
     0 | D:1      | Reached XP level 1. HP: 18/18 MP: 3/3
    84 | D:1      | Reached XP level 2. HP: 22/25 MP: 4/4
   475 | D:1      | Reached XP level 3. HP: 15/31 MP: 5/5
   933 | D:2      | Reached skill level 1 in Dodging
  1185 | D:2      | Noticed Natasha
  1195 | D:2      | Killed Natasha
  1196 | D:2      | Reached XP level 4. HP: 22/38 MP: 6/6
  1508 | D:2      | Noticed Natasha
  1523 | D:2      | Killed from afar by a white imp

Illustrated notes

Levels and vault maps discovered:
D:1:      ldierk_water_garden, layout_rooms, basic_ecumenical_altar,
          nicolae_grassy_gnolls
D:2:      layout_loops_cross, uniq_natasha, uniq_sigmund

Skill      XL: |  1  2  3 |
---------------+----------+-----
Long Blades    | 2 |  2.5
Armour         | 3 |  3.2
Fighting       | 3 |  3.2
Shields        | 3 |  3.2
Dodging        | 1 |  1.2

Action                   |  1- 3 |  4- 6 || total
-------------------------+-------+-------++-------
Melee: Long sword        |   107 |    23 ||   130
Armor: Scale mail        |    50 |     6 ||    56
Dodge: Dodged            |    41 |    14 ||    55
Block: Buckler           |    21 |     8 ||    29

Table legend: (Time is in decaauts)
 A = Elapsed time spent in this place.
 B = Non-inter-level travel time spent in this place.
 C = Inter-level travel time spent in this place.
 D = Time resting spent in this place.
 E = Time spent auto-exploring this place.
 F = Levels seen in this place.
 G = Mean time per level.
                   A        B        C        D        E       F      G
               +--------+--------+--------+--------+--------+-----+--------+
         Total |   1565 |   1539 |     26 |    378 |    856 |   2 |  782.5 |
       Dungeon |   1565 |   1539 |     26 |    378 |    856 |   2 |  782.5 |
               +--------+--------+--------+--------+--------+-----+--------+

Top non-repeatable levels by time:
     D:1: 845 daAuts
     D:2: 719 daAuts
